[ AOE2 MATCH · #483546993 ]
1v1 RMLithuanians vs Khmer
Rival team · LOSS
[ REPLAY ANALYSIS · EXTRACTED FROM THE RECORDED GAME ]
Feudal
9:16
Castle
20:51
Imperial
—
| APM avg | 59.1 |
| APM peak | 99 |
| eAPM avg | 28.9 |
| Villagers / military | 60 / 66 |
Focus
⚔️ 18.8% · 🌾 81.2%
Knight ×55 · Scout Cavalry ×6 · Spearman ×4 · Monk ×1
Feudal
—
Castle
—
Imperial
—
| APM avg | 31.0 |
| APM peak | 73 |
| eAPM avg | 14.5 |
| Villagers / military | 76 / 35 |
Focus
⚔️ 28.1% · 🌾 71.9%
Knight ×14 · Scout Cavalry ×13 · Monk ×6 · Scorpion ×2
Match map
Resources at game start + every placement click. Thick line = wall · dashed box = detected house wall. 🟡 gold · ⚪ stone · 🟢 berries · 🔶 boar · ⭕ relic
Inputs per minute
— Lith_KING - - LiningAnt984921
Build order — Lith_KING
First 150 of 175 actions detected
| 0:00 | Create | Villager (Male) |
| 0:01 | Create | Villager (Male) |
| 0:01 | Create | Villager (Male) |
| 0:02 | Build | House |
| 0:03 | Build | House |
| 0:22 | Create | Villager (Male) |
| 0:23 | Create | Villager (Male) |
| 0:23 | Create | Villager (Male) |
| 1:32 | Create | Villager (Male) |
| 1:32 | Create | Villager (Male) |
| 1:50 | Build | Lumber Camp |
| 2:06 | Create | Villager (Male) |
| 2:07 | Create | Villager (Male) |
| 2:54 | Create | Villager (Male) |
| 2:54 | Create | Villager (Male) |
| 3:34 | Build | House |
| 3:35 | Build | House |
| 3:45 | Create | Villager (Male) |
| 4:11 | Create | Villager (Male) |
| 4:11 | Create | Villager (Male) |
| 4:11 | Create | Villager (Male) |
| 4:28 | Build | Mill |
| 4:46 | Create | Villager (Male) |
| 5:02 | Create | Villager (Male) |
| 5:14 | Create | Villager (Male) |
| 5:14 | Create | Villager (Male) |
| 6:05 | Research | Loom |
| 6:59 | Research | Feudal Age |
| 6:59 | Research | Feudal Age |
| 7:42 | Build | Barracks |
| 8:42 | Build | House |
| 9:16 | Age | Feudal Age |
| 9:17 | Build | Stable |
| 9:21 | Research | Double-Bit Axe |
| 9:22 | Create | Villager (Male) |
| 9:30 | Create | Villager (Male) |
| 9:52 | Create | Villager (Male) |
| 9:58 | Create | Scout Cavalry |
| 9:58 | Create | Scout Cavalry |
| 9:58 | Create | Scout Cavalry |
| 9:58 | Create | Scout Cavalry |
| 10:04 | Build | Mining Camp |
| 10:08 | Create | Villager (Male) |
| 10:15 | Build | Lumber Camp |
| 10:43 | Build | House |
| 10:47 | Build | House |
| 10:52 | Create | Villager (Male) |
| 10:55 | Create | Scout Cavalry |
| 10:55 | Create | Scout Cavalry |
| 11:03 | Build | Farm |
| 11:19 | Build | Farm |
| 11:35 | Create | Villager (Male) |
| 11:50 | Create | Villager (Male) |
| 12:23 | Create | Villager (Male) |
| 12:27 | Create | Villager (Male) |
| 12:35 | Create | Spearman |
| 12:37 | Build | Farm |
| 12:39 | Build | Farm |
| 12:41 | Build | Farm |
| 12:56 | Build | Farm |
| 13:08 | Build | Palisade Wall |
| 13:09 | Build | Palisade Wall |
| 13:10 | Build | Palisade Wall |
| 13:13 | Build | Palisade Wall |
| 13:13 | Create | Villager (Male) |
| 13:21 | Build | Palisade Wall |
| 13:24 | Build | Palisade Wall |
| 13:27 | Build | Palisade Wall |
| 13:30 | Build | Palisade Wall |
| 13:31 | Build | Palisade Wall |
| 13:32 | Build | Palisade Wall |
| 13:33 | Build | Palisade Wall |
| 13:41 | Create | Villager (Male) |
| 13:43 | Build | Farm |
| 13:55 | Create | Villager (Male) |
| 14:11 | Build | House |
| 14:20 | Build | Farm |
| 14:21 | Build | Farm |
| 14:25 | Build | Farm |
| 14:28 | Build | Farm |
| 14:32 | Create | Villager (Male) |
| 14:33 | Build | Farm |
| 14:49 | Create | Villager (Male) |
| 15:01 | Build | Blacksmith |
| 15:08 | Build | Farm |
| 15:19 | Create | Spearman |
| 15:48 | Create | Villager (Male) |
| 15:49 | Create | Spearman |
| 15:49 | Create | Spearman |
| 15:57 | Build | Farm |
| 16:21 | Create | Villager (Male) |
| 16:36 | Create | Villager (Male) |
| 16:43 | Build | Farm |
| 16:44 | Build | Farm |
| 17:38 | Create | Villager (Male) |
| 17:42 | Build | House |
| 18:10 | Research | Castle Age |
| 18:49 | Build | Stable |
| 18:50 | Build | Stable |
| 19:17 | Research | Forging |
| 19:17 | Research | Bloodlines |
| 19:18 | Research | Scale Barding Armor |
| 19:46 | Build | Farm |
| 19:51 | Build | Farm |
| 19:56 | Build | Farm |
| 20:10 | Build | House |
| 20:13 | Build | House |
| 20:51 | Age | Castle Age |
| 20:55 | Build | Town Center |
| 20:58 | Create | Knight |
| 20:58 | Create | Knight |
| 21:01 | Create | Villager (Male) |
| 21:03 | Research | Bow Saw |
| 21:14 | Research | Husbandry |
| 21:15 | Create | Knight |
| 21:15 | Create | Knight |
| 21:17 | Create | Villager (Male) |
| 21:21 | Build | Monastery |
| 21:51 | Create | Villager (Male) |
| 21:54 | Create | Villager (Male) |
| 21:54 | Create | Villager (Male) |
| 21:57 | Build | Farm |
| 21:57 | Build | Farm |
| 22:23 | Build | House |
| 22:25 | Create | Monk |
| 22:54 | Create | Knight |
| 22:54 | Create | Knight |
| 22:58 | Create | Villager (Male) |
| 22:58 | Create | Villager (Male) |
| 22:59 | Build | Lumber Camp |
| 23:45 | Create | Villager (Male) |
| 23:45 | Create | Villager (Male) |
| 23:47 | Create | Knight ×2 |
| 23:47 | Create | Knight ×2 |
| 23:56 | Create | Villager (Male) |
| 24:05 | Build | House |
| 24:05 | Build | House |
| 24:06 | Build | House |
| 24:06 | Build | House |
| 24:06 | Build | House |
| 24:08 | Build | House |
| 24:14 | Create | Knight ×2 |
| 24:14 | Create | Knight ×2 |
| 24:28 | Create | Knight |
| 24:29 | Create | Knight |
| 25:25 | Create | Villager (Male) |
| 25:25 | Create | Villager (Male) |
| 25:25 | Create | Villager (Male) |
| 25:25 | Create | Villager (Male) |
| 25:27 | Create | Villager (Male) |
Build order — LiningAnt984921
First 150 of 188 actions detected
| 0:01 | Create | Villager (Male) |
| 0:01 | Create | Villager (Male) |
| 0:02 | Create | Villager (Male) |
| 0:03 | Build | House |
| 0:04 | Build | House |
| 0:12 | Create | Villager (Male) |
| 1:25 | Create | Villager (Male) |
| 1:26 | Create | Villager (Male) |
| 2:00 | Create | Villager (Male) |
| 2:00 | Create | Villager (Male) |
| 2:02 | Build | Lumber Camp |
| 2:15 | Create | Villager (Male) |
| 3:01 | Create | Villager (Male) |
| 3:01 | Create | Villager (Male) |
| 3:04 | Build | House |
| 3:06 | Build | House |
| 3:09 | Create | Villager (Male) |
| 3:09 | Create | Villager (Male) |
| 3:46 | Create | Villager (Male) |
| 3:46 | Create | Villager (Male) |
| 4:16 | Create | Villager (Male) |
| 4:30 | Create | Villager (Male) |
| 4:49 | Build | House |
| 4:50 | Build | House |
| 5:12 | Create | Villager (Male) |
| 5:23 | Create | Villager (Male) |
| 5:35 | Create | Villager (Male) |
| 5:36 | Create | Villager (Male) |
| 6:07 | Build | Mill |
| 6:26 | Research | Loom |
| 7:19 | Create | Villager (Male) |
| 7:44 | Build | Palisade Wall |
| 7:53 | Research | Feudal Age |
| 8:45 | Build | Farm |
| 9:02 | Build | Palisade Wall |
| 9:08 | Build | House |
| 9:11 | Build | Palisade Wall |
| 9:39 | Build | Palisade Wall |
| 9:52 | Build | Farm |
| 9:54 | Build | Farm |
| 10:09 | Build | Stable |
| 10:13 | Create | Villager (Male) |
| 10:18 | Create | Villager (Male) |
| 10:37 | Build | Palisade Wall |
| 10:44 | Create | Villager (Male) |
| 10:52 | Build | Mining Camp |
| 11:07 | Create | Scout Cavalry |
| 11:15 | Build | Farm |
| 11:19 | Create | Villager (Male) |
| 11:27 | Create | Scout Cavalry |
| 11:38 | Create | Villager (Male) |
| 11:38 | Create | Villager (Male) |
| 11:41 | Create | Scout Cavalry |
| 12:09 | Create | Scout Cavalry |
| 12:10 | Create | Scout Cavalry |
| 12:32 | Create | Scout Cavalry |
| 12:54 | Create | Villager (Male) |
| 12:54 | Create | Villager (Male) |
| 12:57 | Build | Farm |
| 12:57 | Build | Farm |
| 12:57 | Build | Farm |
| 12:57 | Build | Farm |
| 12:58 | Build | Farm |
| 13:22 | Build | Farm |
| 13:22 | Create | Villager (Male) |
| 13:23 | Create | Villager (Male) |
| 13:23 | Create | Villager (Male) |
| 13:49 | Create | Villager (Male) |
| 13:52 | Build | Lumber Camp |
| 14:20 | Research | Horse Collar |
| 14:21 | Research | Double-Bit Axe |
| 14:30 | Build | Farm |
| 14:53 | Create | Scout Cavalry |
| 14:53 | Create | Scout Cavalry |
| 15:24 | Create | Villager (Male) |
| 15:29 | Build | Stable |
| 16:04 | Create | Villager (Male) |
| 16:05 | Create | Villager (Male) |
| 16:05 | Create | Villager (Male) |
| 16:06 | Create | Villager (Male) |
| 16:06 | Create | Villager (Male) |
| 16:14 | Create | Villager (Male) |
| 16:14 | Create | Villager (Male) |
| 16:28 | Build | Palisade Wall |
| 16:55 | Build | House |
| 16:56 | Build | House |
| 17:03 | Build | Farm |
| 17:11 | Build | House |
| 17:12 | Build | House |
| 17:14 | Build | House |
| 17:15 | Build | House |
| 17:46 | Build | Farm |
| 17:49 | Create | Villager (Male) |
| 17:54 | Build | Market |
| 18:05 | Build | House |
| 18:06 | Build | House |
| 18:07 | Build | House |
| 18:22 | Build | Farm |
| 18:50 | Create | Villager (Male) |
| 19:06 | Research | Castle Age |
| 19:13 | Build | Blacksmith |
| 19:25 | Build | House |
| 19:34 | Build | Farm |
| 19:47 | Build | House |
| 20:04 | Research | Bloodlines |
| 20:06 | Research | Scale Barding Armor |
| 20:07 | Research | Forging |
| 20:23 | Build | House |
| 20:30 | Build | Mining Camp |
| 21:10 | Build | House |
| 21:12 | Build | House |
| 21:14 | Build | House |
| 21:17 | Research | Gold Mining |
| 21:26 | Build | Farm |
| 21:33 | Build | Building 487 |
| 22:04 | Research | Husbandry |
| 22:05 | Create | Knight |
| 22:05 | Create | Knight |
| 22:08 | Create | Villager (Male) |
| 22:08 | Create | Villager (Male) |
| 22:18 | Build | Monastery |
| 22:24 | Create | Villager (Male) |
| 22:30 | Build | House |
| 22:31 | Create | Villager (Male) |
| 22:56 | Research | Chain Barding Armor |
| 23:06 | Create | Monk |
| 23:07 | Create | Monk |
| 23:07 | Create | Monk |
| 23:19 | Create | Knight |
| 23:19 | Create | Knight |
| 23:36 | Build | Mining Camp |
| 23:39 | Create | Villager (Male) |
| 23:39 | Create | Villager (Male) |
| 23:40 | Create | Villager (Male) |
| 23:40 | Create | Villager (Male) |
| 23:50 | Create | Villager (Male) |
| 23:50 | Create | Villager (Male) |
| 24:23 | Create | Scout Cavalry |
| 24:24 | Create | Scout Cavalry |
| 24:30 | Create | Knight |
| 24:31 | Create | Knight |
| 24:31 | Create | Villager (Male) |
| 24:32 | Create | Villager (Male) |
| 24:33 | Create | Villager (Male) |
| 24:42 | Build | Farm |
| 25:08 | Create | Villager (Male) |
| 25:09 | Build | Outpost |
| 25:10 | Create | Villager (Male) |
| 25:10 | Create | Villager (Male) |
| 25:11 | Create | Villager (Male) |
Match timeline
| 7:42 | Lith_KING · first_building Barracks |
| 7:44 | LiningAnt984921 · wall_segment Palisade Wall x7 |
| 9:02 | LiningAnt984921 · wall_segment Palisade Wall x11 |
| 9:11 | LiningAnt984921 · wall_segment Palisade Wall x1 |
| 9:16 | Lith_KING · age_up feudal |
| 9:17 | Lith_KING · first_building Stable |
| 9:39 | LiningAnt984921 · wall_segment Palisade Wall x16 |
| 10:09 | LiningAnt984921 · first_building Stable |
| 10:37 | LiningAnt984921 · wall_segment Palisade Wall x18 |
| 13:08 | Lith_KING · wall_segment Palisade Wall x1 |
| 13:09 | Lith_KING · wall_segment Palisade Wall x1 |
| 13:10 | Lith_KING · wall_segment Palisade Wall x1 |
| 13:13 | Lith_KING · wall_segment Palisade Wall x3 |
| 13:21 | Lith_KING · wall_segment Palisade Wall x3 |
| 13:24 | Lith_KING · wall_segment Palisade Wall x3 |
| 13:27 | Lith_KING · wall_segment Palisade Wall x2 |
| 13:30 | Lith_KING · wall_segment Palisade Wall x1 |
| 13:31 | Lith_KING · wall_segment Palisade Wall x1 |
| 13:32 | Lith_KING · wall_segment Palisade Wall x1 |
| 13:33 | Lith_KING · wall_segment Palisade Wall x1 |
| 16:28 | LiningAnt984921 · wall_segment Palisade Wall x1 |
| 18:49 | LiningAnt984921 · first_market_buy 100 food |
| 20:51 | Lith_KING · age_up castle |
| 21:21 | Lith_KING · first_building Monastery |
| 22:18 | LiningAnt984921 · first_building Monastery |
| 25:59 | LiningAnt984921 · first_building Siege Workshop |
| 26:33 | LiningAnt984921 · first_building Castle |
| 28:51 | LiningAnt984921 · resign |
[ AI ANALYSIS · 1 CREDIT ]
What really happened in this match?
Wolo.gg analyzes every decision: build order, eco, micro, common mistakes by bracket. Personalized analysis on WhatsApp or Discord in 30 seconds.
Civ guide
Lithuanians
Map guide
Gold Rush
Perfil
Lith_KING